 Dungeon Crawl Stone Soup version 0.28-a0-43-g560ac104fe (webtiles) character file.

Game seed: 7550641871315932045

273 Demosthentine the Poker (level 6, -2/48 HPs)
             Began as a Merfolk Gladiator on July 28, 2021.
             Slain by Pikel (13 damage)
             ... on level 5 of the Dungeon.
             The game lasted 00:04:00 (4391 turns).

Demosthentine the Poker (Merfolk Gladiator)         Turns: 4391, Time: 00:04:00

Health: -2/48      AC:  5    Str: 16    XL:     6   Next: 23%
Magic:  6/6        EV: 14    Int:  7    God:
Gold:   125        SH:  0    Dex: 16    Spells: 5/5 levels left

rFire   . . .      SeeInvis .   a - +1 trident
rCold   . . .      Faith    .   (no shield)
rNeg    . . .      Spirit   .   b - +0 leather armour
rPois   .          Reflect  .   c - +1 helmet
rElec   .          Harm     .   (no cloak)
rCorr   +          Rampage  .   (no gloves)
Will    .....                   (no boots)
Stlth   +.........              (no amulet)
HPRegen 0.16/turn               l - ring of resist corrosion
MPRegen 0.10/turn               (no ring)

@: no status effects
A: (nimble swimmer 2), mertail
a: no special abilities


You were on level 5 of the Dungeon.
You visited 1 branch of the dungeon, and saw 5 of its levels.

You collected 125 gold pieces.

Inventory:

Hand Weapons
 a - a +1 trident (weapon)
Armour
 b - a +0 leather armour (worn)
 c - a +1 helmet (worn)
Jewellery
 l - a ring of resist corrosion (left hand)
Scrolls
 g - a scroll of identify
 m - a scroll of fear
Potions
 e - a potion of heal wounds
 f - 5 potions of curing
 h - 2 potions of cancellation {unknown}
 i - a potion of magic {unknown}
 j - 2 potions of lignification {unknown}
 k - a potion of invisibility {unknown}
 n - a potion of berserk rage {unknown}
 o - a potion of ambrosia {unknown}


   Skills:
 + Level 4.0 Fighting
 + Level 6.1 Polearms
 - Level 2.0 Throwing
 + Level 2.0 Armour
 + Level 5.6 Dodging


You had 5 spell levels left.
You didn't know any spells.
Your spell library contained the following spells:

 Spells                   Type           Power      Damage    Failure   Level
 Static Discharge         Conj/Air       0%         N/A       65%         2
 Conjure Flame            Conj/Fire      0%         6-21      86%         3
 Ignite Poison            Fire/Tmut/Pois 0%         N/A       86%         3
 Tukima's Dance           Hex            0%         N/A       86%         3
 Dispel Undead            Necr           0%         3d6       99%         4
 Passage of Golubria      Tloc           N/A        N/A       99%         4
 Sticky Flame             Conj/Fire      0%         2d3       99%         4
 Yara's Violent Unravell  Hex/Tmut       0%         3d3       100%        5


Dungeon Overview and Level Annotations

Branches:
Dungeon (5/15)
 Temple: D:4-7

Altars:
Fedhas

Shops:
D:3 :   D:4 *

Annotations:
D:5 Pikel


Innate Abilities, Weirdness & Mutations

((You are quick and stealthy near water. (Stealth+, EV+, Speed+++)))
Your lower body shifts to a powerful aquatic tail in water.


Message History

The net rips apart, and Pikel comes free!
Pikel hits you but does no damage.
You barely miss Pikel.
Pikel is heavily wounded.
Pikel hits you with a +2 whip of freezing.
Pikel freezes you.
You hit Pikel but do no damage.
Pikel is heavily wounded.
Pikel hits you with a +2 whip of freezing.
Pikel freezes you.
You closely miss Pikel.
Pikel is heavily wounded.
Pikel closely misses you.
You hit Pikel.
Pikel is heavily wounded.
Pikel closely misses you.
You barely miss Pikel.
Pikel is heavily wounded.
Pikel barely misses you.
You barely miss Pikel.
Pikel is heavily wounded.
Pikel hits you with a +2 whip of freezing.
Pikel freezes you.
You puncture Pikel!
Pikel is severely wounded.
Pikel hits you but does no damage.
You closely miss Pikel.
Pikel is severely wounded.
Pikel hits you with a +2 whip of freezing.
Pikel freezes you.
You hit Pikel.
Pikel is almost dead.
Pikel hits you with a +2 whip of freezing.
* * * LOW HITPOINT WARNING * * *
Pikel freezes you.
* * * LOW HITPOINT WARNING * * *
You barely miss Pikel.
Pikel is almost dead.
Pikel hits you with a +2 whip of freezing!
You die...

##..........##.##.#
#<#.##.#....##....##
#......#..#.....#...
#.......#.#...#..... .
#.##.5..#.#...#..<.. ...
#....#.#.#.#..... ....#
#....#.#.#.#.....
......###5.##.....#.####
#...@K5......###.#
#.####..########.#
#......^..#.#
#.........#.#
#.........#.#
####.........#.#
#............#.#
#............#.#
#.......######.####


You could see Pikel and 2 lemures.

Vanquished Creatures
  Edmund (D:4)
  A lemure (D:4)
  A hound (D:4)
  Robin (D:3)
  An adder (D:2)
  A shadow imp (D:5)
  2 ufetubi
  4 dart slugs
  An orc (D:3)
  6 ball pythons
  3 endoplasms
  4 giant cockroaches
  15 goblins
  8 hobgoblins
  6 jackals
  5 kobolds
  3 quokkas
  4 bats
  A frilled lizard (D:1)
  5 rats
73 creatures vanquished.

Vanquished Creatures (others)
  A plant (D:3)
1 creature vanquished.

Grand Total: 74 creatures vanquished

Notes
Turn   | Place    | Note
-------+----------+-------------------------------------------
     0 | D:1      | Demosthentine the Merfolk Gladiator began the quest for the
                  | Orb.
     0 | D:1      | Reached XP level 1. HP: 16/16 MP: 1/1
   105 | D:1      | Reached XP level 2. HP: 16/23 MP: 2/2
   567 | D:1      | Reached XP level 3. HP: 26/28 MP: 3/3
  1500 | D:2      | Reached skill level 5 in Polearms
  1500 | D:2      | Reached skill level 1 in Armour
  1669 | D:2      | Reached XP level 4. HP: 35/35 MP: 4/4
  1883 | D:3      | Found Enumyede's Book Emporium.
  1894 | D:3      | Found a blossoming altar of Fedhas.
  2076 | D:3      | Noticed Robin
  2096 | D:3      | Killed Robin
  2694 | D:3      | You fall into a shaft and drop 1 floor!
  2761 | D:4      | Reached skill level 5 in Dodging
  2761 | D:4      | Reached XP level 5. HP: 35/41 MP: 5/5
  3309 | D:4      | Found Ofeffaas's Mayhem Merchandise.
  3370 | D:4      | Noticed Edmund
  3397 | D:4      | Killed Edmund
  3398 | D:4      | Reached skill level 6 in Polearms
  3398 | D:4      | Reached XP level 6. HP: 18/48 MP: 6/6
  4032 | D:5      | Entered Level 5 of the Dungeon
  4032 | D:5      | Noticed Pikel
  4391 | D:5      | Slain by Pikel

Illustrated notes

Levels and vault maps discovered:
D:1:      minmay_arrival_semitransparent, layout_basic, item_on_display_a
D:2:      layout_basic
D:3:      layout_loops_ring, mainiacjoe_overflow_six_doors_small, serial_bayou,
          serial_bayou_shore_a, serial_bayou_shore_b, serial_bayou_pond_a,
          serial_bayou_pond_d, serial_shops,
          nicolae_shop_competitors_out_of_business, chequers_decorated_corner,
          st_stairs_3, uniq_robin
D:4:      layout_basic, minmay_shop_mayhem, uniq_edmund
D:5:      layout_basic, uniq_pikel, uniq_prince_ribbit1, uniq_duvessa

Skill      XL: |  1  2  3  4  5  6 |
---------------+-------------------+-----
Polearms       | 5 6 |  6.1
Armour         | 1 2 |  2.0
Fighting       | 3 4 |  4.0
Dodging        | 5 |  5.6
Throwing       | |  2.0

Action                   |  1- 3 |  4- 6 || total
-------------------------+-------+-------++-------
Melee: Trident           |   111 |   146 ||   257
Throw: Throwing net      |       |     4 ||     4
  Use: Scroll            |     4 |     8 ||    12
 Stab: Sleeping          |     3 |     2 ||     5
       Held in net/web   |       |     2 ||     2
Armor: Leather armour    |    24 |    22 ||    46
Dodge: Dodged            |    58 |    66 ||   124

Table legend: (Time is in decaauts)
 A = Elapsed time spent in this place.
 B = Non-inter-level travel time spent in this place.
 C = Inter-level travel time spent in this place.
 D = Time resting spent in this place.
 E = Time spent auto-exploring this place.
 F = Levels seen in this place.
 G = Mean time per level.
                   A        B        C        D        E       F      G
               +--------+--------+--------+--------+--------+-----+--------+
         Total |   4391 |   4290 |    101 |     98 |   3580 |   5 |  878.2 |
       Dungeon |   4391 |   4290 |    101 |     98 |   3580 |   5 |  878.2 |
               +--------+--------+--------+--------+--------+-----+--------+

Top non-repeatable levels by time:
     D:3: 1148 daAuts
     D:4: 1146 daAuts
     D:2: 1039 daAuts
     D:1: 845 daAuts
     D:5: 211 daAuts
